Map: Simulacrum LE

Players

urumikanzaki - Winner!

  • Race: Zerg Zerg
  • League: Silver
  • Spawn Location: 5:00

CommanderLeo

  • Race: Protoss Protoss
  • League: Gold
  • Spawn Location: 11:00

VOD

Have the link to the VOD?

Description

Time

  • Played on: May 16, 2020, 3:23 a.m.
  • Length: 14:30
Show
View Real Time Build Order
Export as new Build Order

urumikanzaki Zerg - Winner!

Build Orders: Hatch First, Roach Hydra 

Get SALT Encoding   

  12  0:01  Drone  
  13  0:12  Overlord  
  13  0:17  Drone  
  14  0:30  Drone  
  14  0:31  Drone  
  16  0:50  Hatchery  
  16  0:54  Drone  
  16  0:55  Drone  
  17  1:04  Drone  
  18  1:14  Spawning Pool  
  18  1:18  Extractor  
  16  1:19  Drone  
  16  1:21  Drone  
  18  1:36  Drone  
  19  1:46  Overlord  
  19  1:51  Overlord  
  19  2:05  Queen  
  19  2:06  Queen  
  23  2:08  Zergling x2  
  23  2:09  Zergling x2  
  25  2:31  Drone x4  
  25  2:34  Drone  
  30  2:40  Overlord  
  30  2:59  Pneumatized Carapace  
  30  3:02  Queen  
  32  3:12  Drone x4  
  36  3:13  Drone x2  
  38  3:27  Drone x2  
  38  3:29  Hatchery  
  38  3:44  Lair  
  38  3:50  Drone x3  
  38  3:51  Drone x2  
  38  3:52  Drone  
  44  3:57  Extractor  
  44  3:58  Drone x2  
  44  3:59  Extractor, Drone  
  45  4:20  Drone x3  
  48  4:50  Drone  
  48  4:51  Drone x9  
  58  4:54  Overlord x4  
  58  5:11  Roach Warren  
  57  5:20  Evolution Chamber  
  56  5:23  Evolution Chamber  
  56  5:27  Drone x3  
  58  5:48  Hatchery, Zerg Missile Weapons Level 1  
  58  5:49  Zerg Ground Armor Level 1  
  57  5:50  Glial Reconstitution  
  57  5:51  Hatchery  
  57  5:52  Roach x6  
  57  5:53  Roach x7  
  82  6:00  Extractor, Overlord x3  
  81  6:15  Spore Crawler  
  81  6:17  Spore Crawler  
  78  6:28  Spore Crawler  
  78  6:30  Spore Crawler  
  76  6:33  Spore Crawler  
  76  6:34  Spore Crawler  
  76  6:39  Drone x10, Extractor  
  85  6:40  Drone x2, Extractor  
  84  7:00  Drone x3  
  84  7:01  Drone  
  84  7:14  Overseer  
  84  7:16  Drone x3, Hydralisk Den  
  84  7:22  Drone x2  
  88  7:23  Drone x4  
  92  7:45  Hydralisk x2  
  92  7:46  Hydralisk x11  
  92  7:50  Grooved Spines  
  118  7:55  Infestation Pit  
  111  8:17  Drone x3  
  111  8:19  Drone x3  
  115  8:20  Hydralisk  
  115  8:22  Overlord x2  
  115  8:23  Overlord x3  
  117  8:33  Hive  
  117  8:41  Extractor  
  117  8:43  Hydralisk, Extractor  
  117  8:44  Hydralisk x11  
  139  8:58  Drone  
  139  8:59  Drone x2  
  139  9:01  Muscular Augments, Queen  
  144  9:11  Zerg Missile Weapons Level 2  
  144  9:12  Zerg Ground Armor Level 2  
  144  9:16  Overlord  
  144  9:17  Overlord x3  
  144  9:18  Hydralisk x3  
  144  9:19  Hydralisk  
  152  9:40  Hatchery  
  151  9:46  Hydralisk  
  151  9:47  Hydralisk x10  
  173  9:59  Lurker Den  
  172  10:14  Hydralisk x7  
  187  10:35  Drone  
  187  10:38  Hydralisk  
  187  10:41  Overlord x2  
  183  11:24  Hydralisk x7  
  183  11:25  Hydralisk  
  199  11:26  Hatchery x2  
  197  11:53  Adaptive Talons  
  171  12:44  Hydralisk x5  
  171  12:45  Hydralisk x12  
  171  12:50  Seismic Spines  
  133  13:06  Hydralisk x19  
  139  13:44  Hydralisk x11  
  139  13:47  Swarm Host  
  156  14:03  Hydralisk x22  
Show
View Real Time Build Order
Export as new Build Order

CommanderLeo Protoss 

Build Orders: Double Forge 

Get SALT Encoding   

  12  0:01  Probe (Chrono Boost)  
  13  0:11  Probe (Chrono Boost)  
  14  0:16  Probe (Chrono Boost)  
  15  0:29  Pylon  
  15  0:37  Pylon  
  15  0:56  Gateway  
  15  1:14  Gateway  
  15  1:21  Probe (Chrono Boost), Assimilator  
  16  1:31  Probe (Chrono Boost)  
  17  1:35  Probe (Chrono Boost)  
  18  1:47  Probe  
  18  1:51  Cybernetics Core  
  18  1:52  Zealot  
  21  1:59  Probe  
  22  2:09  Assimilator  
  22  2:11  Probe (Chrono Boost)  
  23  2:16  Nexus  
  23  2:24  Probe (Chrono Boost)  
  23  2:28  Warp Gate  
  24  2:32  Probe (Chrono Boost)  
  24  2:35  Shield Battery  
  25  2:38  Probe  
  25  2:43  Pylon  
  26  3:18  Pylon  
  26  3:23  Robotics Facility  
  26  3:28  Forge  
  26  3:37  Probe (Chrono Boost)  
  28  3:42  Probe (Chrono Boost)  
  28  3:48  Probe (Chrono Boost)  
  29  3:50  Probe (Chrono Boost)  
  29  3:52  Sentry  
  29  3:53  Probe (Chrono Boost)  
  29  3:55  Probe (Chrono Boost)  
  33  3:56  Stalker  
  36  4:04  Probe (Chrono Boost)  
  36  4:07  Probe (Chrono Boost), Forge  
  39  4:19  Probe (Chrono Boost)  
  39  4:22  Probe (Chrono Boost)  
  40  4:25  Probe (Chrono Boost)  
  40  4:28  Probe (Chrono Boost)  
  42  4:33  Probe  
  42  4:34  Observer  
  42  4:37  Gateway  
  44  4:47  Protoss Ground Weapons Level 1, Protoss Ground Armor Level 1  
  44  4:54  Twilight Council  
  44  4:56  Immortal  
  48  5:09  Pylon  
  48  5:12  Gateway  
  48  5:26  Probe (Chrono Boost)  
  49  5:31  Gateway  
  49  5:34  Gateway  
  50  5:36  Probe (Chrono Boost), Charge  
  50  5:37  Stargate  
  50  5:39  Warp Prism  
  50  5:41  Probe (Chrono Boost)  
  53  5:52  Probe x2 (Chrono Boost)  
  55  5:57  Assimilator  
  55  5:59  Assimilator  
  55  6:01  Probe x2 (Chrono Boost)  
  55  6:02  Pylon  
  57  6:06  Probe x2 (Chrono Boost)  
  59  6:17  Probe  
  60  6:21  Probe  
  60  6:25  Immortal  
  65  6:32  Oracle  
  68  6:33  Probe  
  69  6:44  Gateway  
  69  6:45  Probe  
  70  6:56  Zealot  
  70  6:57  Zealot x2  
  70  6:58  Stalker  
  78  7:04  Observer  
  75  7:24  Pylon  
  75  7:28  Pylon  
  75  7:31  Templar Archives  
  75  7:37  Pylon  
  75  7:40  Pylon  
  75  7:43  Zealot  
  75  7:44  Zealot x2  
  79  7:46  Zealot x2  
  79  8:12  Nexus  
  79  8:18  Pylon  
  79  8:29  Zealot x2  
  79  8:30  Zealot  
  79  8:31  Zealot x2  
  79  8:33  High Templar x2  
  93  8:37  Archon  
  93  8:38  Psionic Storm  
  93  8:40  Protoss Ground Weapons Level 2  
  93  8:42  Oracle  
  93  8:46  Gateway  
  93  8:47  Gateway  
  96  8:51  Immortal  
  96  8:53  Pylon  
  100  9:02  Pylon  
  100  9:11  Gateway  
  100  9:13  Zealot  
  100  9:14  Pylon, Zealot x2  
  100  9:15  Zealot  
  100  9:16  Stalker  
  110  9:18  High Templar x2  
  110  9:22  Archon  
  114  9:36  Photon Cannon  
  114  9:39  Shield Battery  
  114  9:50  Gateway  
  114  9:51  Photon Cannon  
  114  9:58  Shield Battery  
  114  10:00  High Templar x2  
  114  10:01  High Templar  
  120  10:09  Robotics Bay  
  120  10:12  Probe (Chrono Boost)  
  120  10:13  Probe (Chrono Boost)  
  120  10:14  Assimilator  
  122  10:16  Assimilator  
  122  10:17  Probe (Chrono Boost)  
  123  10:24  Probe (Chrono Boost)  
  123  10:25  Probe (Chrono Boost)  
  123  10:27  Probe (Chrono Boost)  
  123  10:28  Void Ray  
  130  10:32  Probe x2 (Chrono Boost)  
  130  10:34  Probe (Chrono Boost)  
  133  10:37  Probe x2 (Chrono Boost)  
  133  10:38  Zealot x2  
  133  10:39  Zealot  
  133  10:40  Zealot x3  
  133  10:42  High Templar  
  149  10:43  Probe  
  149  10:49  Probe  
  151  10:55  Probe  
  144  11:10  Protoss Ground Armor Level 2 (Chrono Boost)  
  138  11:15  Disruptor (Chrono Boost)  
  141  11:19  High Templar  
  143  11:28  Sentry  
  145  11:48  Disruptor (Chrono Boost)  
  145  11:53  Nexus  
  148  11:56  Gateway  
  148  12:06  Pylon  
  148  12:09  Pylon  
  148  12:17  Disruptor  
  148  12:18  Fleet Beacon  
  148  12:22  Oracle  
  88  12:59  Zealot x3  
  88  13:05  Zealot x2  
  80  13:06  Zealot  
  80  13:09  Zealot x3  
  80  13:10  Zealot x2  
  85  13:18  Zealot  
  83  13:27  Stalker  
  83  13:30  Disruptor  
  86  13:39  Zealot x3  
  86  13:40  Zealot x2  
  86  13:41  Zealot  
  87  13:46  Zealot x3  
  81  13:53  High Templar x2  
  73  13:58  Archon  
  72  14:06  Zealot x2  
  72  14:07  Zealot x4  
  72  14:08  Zealot x2  
  72  14:09  Zealot  
Tags
 
Add a new tag
Caveats
  • Supply blocks, unpowered buildings, or Contaminate may cause inaccurate times.
  • Supply counts are checked every 10 seconds.